2807 views
Uploaded 2020-03-07 15:20:18
Game version 1.32.2
14:40 long 3on3 ladder game on (6)GnollWood
Saved by BEARAND
2807 views
Uploaded 2020-03-07 15:20:18
Game version 1.32.2
14:40 long 3on3 ladder game on (6)GnollWood


51 units @ 4.5k
/ 0.1k
143 buildings @ 8.5k
/ 3.9k



| Scroll of Regeneration | 2 | 200 |
| Lesser Clarity Potion | 1 | 70 |
| Staff of Sanctuary | 3 | 750 |
| Staff of Teleportation | 2 | 300 |
| Boots of Speed | 2 | 500 |
| Circlet of Nobility | 1 | 175 |
| total: | 11 | 1995g |
| Peasant | 18 | 1350 | / | 0 |
| total: | 18 | 1350g | / | 0w |
| Scout Tower | 54 | 1620 | / | 1080 |
| Arcane Tower | 7 | 490 | / | 350 |
| Guard Tower | 24 | 1680 | / | 1200 |
| Altar of Kings | 1 | 180 | / | 50 |
| Farm | 3 | 240 | / | 60 |
| Lumber Mill | 1 | 120 | / | 0 |
| Arcane Vault | 3 | 390 | / | 90 |
| Town Hall | 1 | 385 | / | 205 |
| Arcane Sanctum | 1 | 150 | / | 140 |
| Gryphon Aviary | 1 | 140 | / | 150 |
| Keep | 1 | 320 | / | 210 |
| Castle | 1 | 360 | / | 210 |
| total: | 65 | 3225g | / | 1775w |
| 0:03 | Peasant |
| 0:03 | Peasant |
| 0:06 | Altar of Kings |
| 0:09 | Farm |
| 0:14 | Peasant |
| 0:23 | Farm |
| 0:26 | Peasant |
| 0:44 | Peasant |
| 0:49 | Scout Tower |
| 1:01 | Peasant |
| 1:16 | Peasant |
| 1:19 | Lumber Mill |
| 1:24 | Arcane Tower |
| 1:26 | Scout Tower |
| 1:39 | Peasant |
| 1:58 | Guard Tower |
| 2:06 | Blizzard |
| 2:10 | Scout Tower |
| 2:42 | Peasant |
| 2:42 | Peasant |
| 2:43 | Guard Tower |
| 2:45 | Scout Tower |
| 2:49 | Arcane Vault |
| 2:54 | Peasant |
| 3:02 | Peasant |
| 3:14 | Guard Tower |
| 3:19 | Scout Tower |
| 3:48 | Peasant |
| 3:49 | Arcane Tower |
| 3:51 | Scout Tower |
| 3:54 | Peasant |
| 3:57 | Staff of Teleportation |
| 4:17 | Brilliance Aura |
| 4:33 | Town Hall |
| 4:40 | Scout Tower |
| 4:41 | Scout Tower |
| 4:41 | Scout Tower |
| 4:42 | Scout Tower |
| 4:45 | Scroll of Regeneration |
| 5:05 | Boots of Speed |
| 5:06 | Circlet of Nobility |
| 5:14 | Guard Tower |
| 5:15 | Guard Tower |
| 5:21 | Guard Tower |
| 5:23 | Scout Tower |
| 5:23 | Scout Tower |
| 5:29 | Guard Tower |
| 5:34 | Scout Tower |
| 5:37 | Scout Tower |
| 5:45 | Peasant |
| 5:45 | Peasant |
| 5:47 | Improved Masonry |
| 5:54 | Guard Tower |
| 6:01 | Guard Tower |
| 6:22 | Arcane Tower |
| 6:24 | Guard Tower |
| 6:26 | Scout Tower |
| 6:26 | Scout Tower |
| 6:29 | Peasant |
| 6:30 | Peasant |
| 7:22 | Guard Tower |
| 7:26 | Scroll of Regeneration |
| 7:30 | Lesser Clarity Potion |
| 7:32 | Scout Tower |
| 7:32 | Scout Tower |
| 7:34 | Keep |
| 7:40 | Scout Tower |
| 7:41 | Scout Tower |
| 7:42 | Scout Tower |
| 7:42 | Scout Tower |
| 7:43 | Scout Tower |
| 7:45 | Scout Tower |
| 7:46 | Scout Tower |
| 7:48 | Scout Tower |
| 8:01 | Scout Tower |
| 8:02 | Scout Tower |
| 8:05 | Scout Tower |
| 8:08 | Scout Tower |
| 8:11 | Scout Tower |
| 8:12 | Farm |
| 8:21 | Arcane Tower |
| 8:21 | Guard Tower |
| 8:29 | Guard Tower |
| 8:31 | Scout Tower |
| 8:31 | Scout Tower |
| 8:31 | Scout Tower |
| 8:39 | Guard Tower |
| 8:43 | Scout Tower |
| 8:44 | Scout Tower |
| 8:57 | Scout Tower |
| 8:58 | Scout Tower |
| 8:59 | Scout Tower |
| 9:00 | Scout Tower |
| 9:08 | Guard Tower |
| 9:11 | Guard Tower |
| 9:32 | Guard Tower |
| 9:56 | Guard Tower |
| 10:01 | Arcane Sanctum |
| 10:09 | Castle |
| 10:10 | Advanced Masonry |
| 10:10 | Improved Lumber Harvesting |
| 10:14 | Arcane Vault |
| 10:17 | Arcane Vault |
| 10:21 | Scout Tower |
| 10:21 | Scout Tower |
| 10:28 | Guard Tower |
| 10:31 | Scout Tower |
| 10:31 | Scout Tower |
| 10:32 | Scout Tower |
| 10:40 | Scout Tower |
| 10:41 | Scout Tower |
| 10:43 | Scout Tower |
| 10:45 | Guard Tower |
| 11:08 | Storm Bolt |
| 11:09 | Arcane Tower |
| 11:18 | Arcane Tower |
| 11:20 | Guard Tower |
| 11:29 | Magic Sentry |
| 11:31 | Scout Tower |
| 11:31 | Scout Tower |
| 11:32 | Scout Tower |
| 11:35 | Gryphon Aviary |
| 12:26 | Blizzard |
| 12:45 | Arcane Tower |
| 13:05 | Scout Tower |
| 13:05 | Scout Tower |
| 13:06 | Scout Tower |
| 13:08 | Guard Tower |
| 13:12 | Imbued Masonry |
| 13:13 | Advanced Lumber Harvesting |
| 13:17 | Guard Tower |
| 13:43 | Holy Light |
| 13:45 | Staff of Sanctuary |
| 13:46 | Staff of Sanctuary |
| 13:46 | Staff of Sanctuary |
| 14:02 | Boots of Speed |
| 14:02 | Staff of Teleportation |
| 14:33 | Bash |
| Right click | 720 |
| Select group | 298 |
| Select | 164 |
| Build/train/purchase | 85 |
| Chat | 41 |
| Use ability | 40 |
| Misc. action | 33 |
| Resource trade | 17 |
| Assign group | 13 |
| Item give/drop | 3 |



| Scroll of Regeneration | 1 | 100 |
| Staff of Sanctuary | 1 | 250 |
| Staff of Teleportation | 3 | 450 |
| Boots of Speed | 3 | 750 |
| Periapt of Vitality | 1 | 325 |
| Circlet of Nobility | 1 | 175 |
| total: | 10 | 2050g |
| Peasant | 14 | 1050 | / | 0 |
| Priest | 1 | 135 | / | 10 |
| total: | 15 | 1185g | / | 10w |
| Scout Tower | 51 | 1530 | / | 1020 |
| Arcane Tower | 4 | 280 | / | 200 |
| Guard Tower | 21 | 1470 | / | 1050 |
| Altar of Kings | 2 | 360 | / | 100 |
| Farm | 7 | 560 | / | 140 |
| Lumber Mill | 1 | 120 | / | 0 |
| Arcane Vault | 1 | 130 | / | 30 |
| Arcane Sanctum | 1 | 150 | / | 140 |
| Keep | 1 | 320 | / | 210 |
| Castle | 1 | 360 | / | 210 |
| total: | 63 | 2850g | / | 1430w |
| 0:02 | Peasant |
| 0:02 | Peasant |
| 0:10 | Altar of Kings |
| 0:14 | Altar of Kings |
| 0:16 | Peasant |
| 0:19 | Farm |
| 0:20 | Peasant |
| 0:29 | Peasant |
| 0:46 | Lumber Mill |
| 0:54 | Scout Tower |
| 0:58 | Peasant |
| 1:10 | Peasant |
| 1:28 | Scout Tower |
| 1:30 | Peasant |
| 1:34 | Farm |
| 1:39 | Scout Tower |
| 1:41 | Arcane Tower |
| 1:50 | Peasant |
| 1:51 | Peasant |
| 1:58 | Peasant |
| 2:03 | Scout Tower |
| 2:07 | Guard Tower |
| 2:11 | Scout Tower |
| 2:13 | Blizzard |
| 2:14 | Arcane Tower |
| 2:19 | Peasant |
| 2:45 | Guard Tower |
| 2:46 | Scout Tower |
| 2:47 | Scout Tower |
| 2:48 | Guard Tower |
| 2:50 | Scout Tower |
| 2:51 | Scout Tower |
| 2:52 | Scout Tower |
| 2:52 | Scout Tower |
| 3:00 | Peasant |
| 3:01 | Peasant |
| 3:17 | Guard Tower |
| 3:23 | Guard Tower |
| 3:25 | Scout Tower |
| 3:25 | Scout Tower |
| 3:35 | Arcane Vault |
| 3:36 | Brilliance Aura |
| 3:54 | Guard Tower |
| 3:55 | Scout Tower |
| 3:55 | Keep |
| 3:56 | Scout Tower |
| 3:57 | Scout Tower |
| 3:57 | Scout Tower |
| 3:59 | Improved Masonry |
| 4:01 | Farm |
| 4:02 | Farm |
| 4:35 | Guard Tower |
| 4:50 | Guard Tower |
| 4:51 | Scout Tower |
| 4:53 | Guard Tower |
| 4:55 | Scout Tower |
| 4:56 | Scout Tower |
| 4:56 | Scout Tower |
| 4:57 | Scout Tower |
| 5:25 | Guard Tower |
| 5:40 | Guard Tower |
| 5:56 | Staff of Teleportation |
| 6:11 | Boots of Speed |
| 7:16 | Castle |
| 7:19 | Blizzard |
| 7:32 | Storm Bolt |
| 7:53 | Scroll of Regeneration |
| 8:04 | Staff of Teleportation |
| 8:04 | Boots of Speed |
| 8:20 | Guard Tower |
| 8:23 | Scout Tower |
| 8:23 | Scout Tower |
| 8:24 | Scout Tower |
| 8:24 | Scout Tower |
| 8:25 | Scout Tower |
| 8:26 | Scout Tower |
| 8:27 | Scout Tower |
| 8:28 | Scout Tower |
| 8:28 | Scout Tower |
| 9:13 | Guard Tower |
| 9:15 | Arcane Sanctum |
| 9:16 | Advanced Masonry |
| 9:58 | Guard Tower |
| 10:11 | Guard Tower |
| 10:17 | Scout Tower |
| 10:18 | Scout Tower |
| 10:18 | Scout Tower |
| 10:19 | Scout Tower |
| 10:19 | Scout Tower |
| 10:19 | Scout Tower |
| 10:20 | Scout Tower |
| 10:56 | Guard Tower |
| 10:56 | Imbued Masonry |
| 11:03 | Priest |
| 11:03 | Magic Sentry |
| 11:06 | Farm |
| 11:06 | Farm |
| 11:07 | Farm |
| 11:32 | Bash |
| 11:36 | Guard Tower |
| 11:42 | Scout Tower |
| 11:43 | Scout Tower |
| 11:44 | Scout Tower |
| 11:44 | Scout Tower |
| 11:45 | Scout Tower |
| 11:45 | Scout Tower |
| 11:55 | Holy Light |
| 12:06 | Staff of Sanctuary |
| 12:15 | Staff of Teleportation |
| 12:15 | Boots of Speed |
| 12:18 | Periapt of Vitality |
| 12:18 | Circlet of Nobility |
| 13:45 | Arcane Tower |
| 14:32 | Scout Tower |
| 14:33 | Scout Tower |
| 14:33 | Scout Tower |
| 14:34 | Scout Tower |
| 14:37 | Scout Tower |
| 14:38 | Scout Tower |
| 14:38 | Scout Tower |
| Right click | 1257 |
| Select | 340 |
| Select group | 109 |
| Build/train/purchase | 78 |
| Use ability | 42 |
| Chat | 23 |
| Resource trade | 19 |
| Assign group | 13 |
| Misc. action | 6 |
| Item give/drop | 6 |
| Minimap ping | 3 |



| Rod of Necromancy | 3 | 450 |
| Ritual Dagger | 1 | 125 |
| Sacrificial Skull | 1 | 50 |
| Orb of Corruption | 2 | 750 |
| Boots of Speed | 1 | 250 |
| total: | 8 | 1625g |
| Acolyte | 7 | 525 | / | 0 |
| Ghoul | 9 | 1080 | / | 0 |
| Obsidian Statue | 2 | 400 | / | 70 |
| total: | 18 | 2005g | / | 70w |
| Nerubian Tower | 2 | 200 | / | 40 |
| Spirit Tower | 2 | 290 | / | 80 |
| Crypt | 1 | 200 | / | 50 |
| Altar of Darkness | 1 | 180 | / | 50 |
| Ziggurat | 7 | 1050 | / | 350 |
| Graveyard | 1 | 215 | / | 0 |
| Tomb of Relics | 3 | 390 | / | 90 |
| Necropolis | 1 | 225 | / | 0 |
| Slaughterhouse | 1 | 140 | / | 135 |
| Halls of the Dead | 2 | 640 | / | 420 |
| Black Citadel | 1 | 325 | / | 230 |
| total: | 15 | 2400g | / | 675w |
| 0:02 | Acolyte |
| 0:05 | Crypt |
| 0:13 | Acolyte |
| 0:28 | Altar of Darkness |
| 0:33 | Ziggurat |
| 1:08 | Ghoul |
| 1:11 | Graveyard |
| 1:20 | Ghoul |
| 1:35 | Ziggurat |
| 1:59 | Ghoul |
| 2:16 | Tomb of Relics |
| 2:27 | Death Coil |
| 2:35 | Ghoul |
| 2:48 | Ghoul |
| 3:25 | Ghoul |
| 3:55 | Ghoul |
| 3:56 | Ghoul |
| 4:13 | Rod of Necromancy |
| 4:13 | Rod of Necromancy |
| 4:15 | Ritual Dagger |
| 4:15 | Sacrificial Skull |
| 4:19 | Ghoul |
| 4:29 | Unholy Aura |
| 5:24 | Halls of the Dead |
| 5:26 | Ziggurat |
| 5:59 | Boots of Speed |
| 6:17 | Acolyte |
| 6:32 | Acolyte |
| 6:35 | Necropolis |
| 6:44 | Ziggurat |
| 6:46 | Ziggurat |
| 6:51 | Halls of the Dead |
| 7:31 | Ziggurat |
| 7:40 | Nerubian Tower |
| 8:08 | Acolyte |
| 8:08 | Acolyte |
| 8:08 | Acolyte |
| 8:15 | Nerubian Tower |
| 8:27 | Spirit Tower |
| 8:40 | Rod of Necromancy |
| 9:56 | Black Citadel |
| 10:01 | Ziggurat |
| 10:02 | Tomb of Relics |
| 10:20 | Slaughterhouse |
| 10:22 | Frost Nova |
| 11:00 | Spirit Tower |
| 11:12 | Tomb of Relics |
| 12:00 | Death Coil |
| 12:14 | Obsidian Statue |
| 12:14 | Obsidian Statue |
| 12:59 | Ghoul Frenzy |
| 13:42 | Orb of Corruption |
| 13:45 | Impale |
| 13:47 | Orb of Corruption |
| 14:20 | Frost Armor |
| Right click | 864 |
| Assign group | 428 |
| Select group | 328 |
| Select | 165 |
| Resource trade | 70 |
| Build/train/purchase | 59 |
| Chat | 31 |
| Misc. action | 22 |
| Use ability | 19 |
| Minimap ping | 5 |
| Item give/drop | 3 |
| Remove unit | 1 |
53 units @ 7k
/ 0.5k
32 buildings @ 4.9k
/ 1.7k

| Rod of Necromancy | 1 | 150 |
| Potion of Healing | 1 | 150 |
| total: | 2 | 300g |
| Acolyte | 11 | 825 | / | 0 |
| Ghoul | 9 | 1080 | / | 0 |
| Crypt Fiend | 6 | 1290 | / | 240 |
| Obsidian Statue | 1 | 200 | / | 35 |
| total: | 27 | 3395g | / | 275w |
| Nerubian Tower | 1 | 100 | / | 20 |
| Ziggurat | 5 | 750 | / | 250 |
| Altar of Darkness | 1 | 180 | / | 50 |
| Crypt | 2 | 400 | / | 100 |
| Tomb of Relics | 1 | 130 | / | 30 |
| Graveyard | 1 | 215 | / | 0 |
| Necropolis | 1 | 225 | / | 0 |
| Slaughterhouse | 1 | 140 | / | 135 |
| Halls of the Dead | 1 | 320 | / | 210 |
| Black Citadel | 1 | 325 | / | 230 |
| total: | 12 | 2040g | / | 565w |
| 0:06 | Acolyte |
| 0:06 | Acolyte |
| 0:09 | Ziggurat |
| 0:11 | Altar of Darkness |
| 0:16 | Acolyte |
| 0:53 | Crypt |
| 1:00 | Ziggurat |
| 1:18 | Tomb of Relics |
| 1:31 | Nerubian Tower |
| 1:49 | Graveyard |
| 1:56 | Ghoul |
| 1:56 | Ghoul |
| 2:05 | Ghoul |
| 2:11 | Death Coil |
| 2:21 | Rod of Necromancy |
| 2:31 | Ghoul |
| 2:46 | Ghoul |
| 2:46 | Ghoul |
| 3:07 | Ghoul |
| 3:29 | Ghoul |
| 3:30 | Ghoul |
| 3:39 | Halls of the Dead |
| 4:11 | Unholy Aura |
| 4:23 | Crypt Fiend |
| 4:27 | Creature Attack |
| 4:38 | Crypt Fiend |
| 4:49 | Ziggurat |
| 5:31 | Ziggurat |
| 5:39 | Creature Carapace |
| 5:55 | Crypt Fiend |
| 7:36 | Crypt Fiend |
| 7:39 | Crypt |
| 7:40 | Improved Creature Attack |
| 7:53 | Web |
| 7:55 | Slaughterhouse |
| 8:43 | Burrow |
| 9:00 | Necropolis |
| 9:46 | Crypt Fiend |
| 9:46 | Crypt Fiend |
| 10:04 | Obsidian Statue |
| 10:06 | Potion of Healing |
| 10:16 | Acolyte |
| 10:16 | Acolyte |
| 10:19 | Acolyte |
| 10:20 | Acolyte |
| 10:32 | Acolyte |
| 10:38 | Acolyte |
| 10:40 | Acolyte |
| 10:40 | Acolyte |
| 10:59 | Ziggurat |
| 11:14 | Black Citadel |
| Right click | 610 |
| Select | 162 |
| Build/train/purchase | 48 |
| Select group | 46 |
| Assign group | 19 |
| Use ability | 12 |
| Misc. action | 7 |
| Remove unit | 1 |
| Peasant | 4 | 300 | / | 0 |
| Footman | 3 | 405 | / | 0 |
| total: | 7 | 705g | / | 0w |
| Altar of Kings | 1 | 180 | / | 50 |
| Farm | 2 | 160 | / | 40 |
| Barracks | 1 | 160 | / | 60 |
| Blacksmith | 1 | 140 | / | 60 |
| total: | 5 | 640g | / | 210w |
| 0:19 | Peasant |
| 0:54 | Altar of Kings |
| 0:56 | Peasant |
| 0:56 | Peasant |
| 0:56 | Peasant |
| 1:16 | Farm |
| 1:37 | Barracks |
| 2:13 | Farm |
| 2:18 | Blacksmith |
| 2:48 | Footman |
| 2:48 | Footman |
| 2:49 | Footman |
| Select | 24 |
| Build/train/purchase | 8 |
| Use ability | 6 |
| Misc. action | 4 |

| Healing Salve | 2 | 200 |
| Periapt of Vitality | 1 | 325 |
| total: | 3 | 525g |
| Peon | 5 | 375 | / | 0 |
| Grunt | 4 | 800 | / | 0 |
| Troll Headhunter | 4 | 560 | / | 80 |
| Shaman | 1 | 130 | / | 20 |
| Tauren | 1 | 280 | / | 80 |
| Mud Golem | 1 | 145 | / | 10 |
| Ogre Mauler | 1 | 300 | / | 0 |
| Footman | 2 | 270 | / | 0 |
| total: | 19 | 2860g | / | 190w |
| Watch Tower | 4 | 440 | / | 320 |
| Altar of Storms | 1 | 180 | / | 50 |
| Orc Burrow | 5 | 800 | / | 200 |
| Barracks | 1 | 180 | / | 50 |
| War Mill | 1 | 205 | / | 0 |
| Voodoo Lounge | 1 | 130 | / | 30 |
| Spirit Lodge | 1 | 150 | / | 150 |
| Tauren Totem | 1 | 135 | / | 155 |
| Stronghold | 1 | 315 | / | 190 |
| Fortress | 1 | 325 | / | 190 |
| total: | 15 | 2220g | / | 955w |
| 0:09 | Altar of Storms |
| 0:11 | Peon |
| 0:11 | Peon |
| 0:18 | Orc Burrow |
| 0:32 | Barracks |
| 0:48 | Peon |
| 1:23 | War Mill |
| 1:25 | Peon |
| 1:40 | Grunt |
| 2:03 | Voodoo Lounge |
| 2:15 | Wind Walk |
| 2:23 | Grunt |
| 2:50 | Orc Burrow |
| 2:53 | Steel Ranged Weapons |
| 4:11 | Critical Strike |
| 4:26 | Stronghold |
| 4:37 | Footman |
| 4:37 | Footman |
| 4:44 | Healing Salve |
| 4:45 | Healing Salve |
| 4:52 | Grunt |
| 4:55 | Steel Armor |
| 5:16 | Holy Light |
| 5:18 | Holy Light |
| 5:35 | Troll Headhunter |
| 5:35 | Troll Headhunter |
| 5:44 | Orc Burrow |
| 6:52 | Troll Headhunter |
| 6:54 | Thorium Ranged Weapons |
| 6:57 | Orc Burrow |
| 7:09 | Spirit Lodge |
| 7:30 | Troll Headhunter |
| 7:35 | Peon |
| 9:45 | Shaman Adept Training |
| 9:52 | Tauren Totem |
| 9:59 | Fortress |
| 11:09 | Mud Golem |
| 11:10 | Ogre Mauler |
| 11:33 | Watch Tower |
| 11:48 | Shaman |
| 12:12 | Orc Burrow |
| 12:19 | Watch Tower |
| 12:30 | Periapt of Vitality |
| 13:07 | Watch Tower |
| 13:57 | Tauren |
| 14:07 | Watch Tower |
| 14:23 | Grunt |
| Select group | 178 |
| Right click | 169 |
| Select | 138 |
| Build/train/purchase | 36 |
| Assign group | 9 |
| Use ability | 9 |
| Remove unit | 1 |
⇛